 Dungeon Crawl Stone Soup version 0.31.0-11-ge490571c62 (webtiles) character file.

Game seed: 1503935733809981108

255 qw the Skirmisher (level 5, -2/30 HPs)
             Began as a Deep Elf Hunter on Feb 3, 2024.
             Shot with an arrow by a centaur (9 damage)
             ... on level 5 of the Dungeon.
             The game lasted 00:00:10 (3357 turns).

qw the Skirmisher (Deep Elf Hunter)                 Turns: 3357, Time: 00:00:10

Health: -2/30      AC:  5    Str: 10    XL:     5   Next: 91%
Magic:  7/7        EV: 11    Int: 14    God:
Gold:   147        SH:  0    Dex: 18    Spells: 4/4 levels left

rFire   + . .        a - +0 shortbow
rCold   . . .        (shield currently unavailable)
rNeg    . . .        e - +0 ring mail
rPois   .            (no helmet)
rElec   .            (no cloak)
rCorr   .            (no gloves)
SInv    .            (no boots)
Will    .....        (no amulet)
Stlth   +            b - ring of protection from fire
HPRegen 0.25/turn    (no ring)
MPRegen 0.10/turn

%: no passive effects
@: no status effects
A: no striking features
a: no special abilities


You were on level 5 of the Dungeon.
You visited 1 branch of the dungeon, and saw 5 of its levels.

You collected 147 gold pieces.


   Skills:
 - Level 2.1 Fighting
 + Level 9.2 Ranged Weapons
 - Level 2.4 Dodging
 - Level 1.2 Stealth


You had 4 spell levels left.
You didn't know any spells.
Your spell library was empty.

Inventory:

Hand Weapons
 a - a +0 shortbow (weapon)
Armour
 e - a +0 ring mail (worn)
 f - a +0 pair of gloves
 m - a +2 pair of gloves
Jewellery
 b - a ring of protection from fire (left hand)
Wands
 i - a wand of flame (26) (quivered)
Scrolls
 c - a scroll of silence {unknown}
 d - a scroll of identify
 j - a scroll of fog {unknown}
 l - a scroll of teleportation
Potions
 g - a potion of curing
 h - a potion of enlightenment
 k - a potion of heal wounds {unknown}

Dungeon Overview and Level Annotations

Branches:
Dungeon (4/15)
 Temple: D:4-7

Altars:
Yredelemnul

Annotations:
D:2 1 runed translucent door, Crazy Yiuf


Message History

A malevolent force fills the Dungeon...
You fall into a shaft and drop 1 floor!
The shaft crumbles and collapses.
An adder comes into view.
The adder hisses angrily.
Waypoint 4 assigned to D:5.
You shoot an arrow. The arrow barely misses the adder.
You shoot an arrow. The arrow hits the adder.
The adder is lightly wounded.
You shoot an arrow. The arrow hits the adder!
The adder is almost dead.
You shoot an arrow. The arrow hits the adder.
You kill the adder!
You see here an adder corpse.
A centaur comes into view.
Found a stone staircase leading up.
The centaur shouts!
You hear a loud, deep croak!
The centaur wields a +0 shortbow.
The centaur shoots an arrow.
The arrow hits you.
3355 ||| ZAPPING wand of flame (29) at 3,-1 (centaur; floor).
Aiming: Throw Flame
Press: ? - help, Q - select action, (/) - cycle Shift-Dir - straight line, f - centaur The puff of flame misses the centaur.
The centaur shoots an arrow.
The arrow hits you.
The centaur shoots an arrow.
The arrow completely misses you.
3356 ||| ZAPPING wand of flame (28) at 3,-1 (centaur; floor).
Aiming: Throw Flame
Press: ? - help, Q - select action, (/) - cycle Shift-Dir - straight line, f/p - centaur The puff of flame hits the centaur.
The centaur is lightly wounded.
A bullfrog comes into view.
The centaur shoots an arrow.
The arrow barely misses you.
The bullfrog croaks.
3357 ||| ZAPPING wand of flame (27) at 3,-1 (centaur; floor).
Aiming: Throw Flame
Press: ? - help, Q - select action, (/) - cycle Shift-Dir - straight line, f/p - centaur The puff of flame hits the centaur.
The centaur is moderately wounded.
The centaur shoots an arrow.
The arrow hits you!
The centaur shoots an arrow.
The arrow hits you!
You die...

### ..# # #.#.#
#.##.#### #.#.##
#...c.F<.
#....######@#
...........# #
...######.# ... #.#
#####.##.....
.######.###........#
............###.####
#######.##### #.#
#%#######.#
#.........#


You could see a bullfrog and a centaur.

Vanquished Creatures
  A black bear (D:4)
  A hound (D:4)
  Terence (D:2)
  An iguana (D:4)
  2 adders
  3 ribbon worms
  2 dart slugs
  6 ball pythons
  5 bats
  5 endoplasms
  A giant cockroach (D:4)
  6 goblins
  3 hobgoblins (D:3)
  4 kobolds
  A quokka (D:2)
  3 frilled lizards
  9 rats
54 creatures vanquished.

Notes
Turn   | Place    | Note
-------+----------+-------------------------------------------
     0 | D:1      | qw the Deep Elf Hunter began the quest for the Orb.
     0 | D:1      | Reached XP level 1. HP: 12/12 MP: 3/3
     0 | D:1      | 0 ||| qw: Version: 0.3-a-158-g18b3111
     0 | D:1      | 0 ||| qw: Game counter: 4171
     0 | D:1      | 0 ||| qw: Melee chars always use a shield: true
     0 | D:1      | 0 ||| qw: God list: Okawaru
     0 | D:1      | 0 ||| qw: Allow faded altars: false
     0 | D:1      | 0 ||| qw: Do Orc after clearing Dungeon:15 true
     0 | D:1      | 0 ||| qw: Do second Lair branch before Depths: true
     0 | D:1      | 0 ||| qw: Lair rune preference: random
     0 | D:1      | 0 ||| qw: Goals: Normal
     0 | D:1      | 0 ||| PLANNING D:1-11
   264 | D:1      | Reached XP level 2. HP: 16/16 MP: 4/4
   267 | D:1      | Reached skill level 6 in Ranged Weapons
   642 | D:1      | 642 ||| READING scroll labelled GAMYBRICOE.
   647 | D:1      | 647 ||| READING scroll labelled SULODENNOY.
   647 | D:1      | 647 ||| ENCHANTING +0 shortbow.
   648 | D:1      | 648 ||| DRINKING 3 fizzy emerald potions.
   649 | D:1      | 649 ||| DROPPING scroll of butterflies.
   650 | D:1      | 650 ||| DROPPING 2 potions of degeneration.
   945 | D:2      | Reached XP level 3. HP: 20/20 MP: 5/5
   957 | D:2      | Found a basalt altar of Yredelemnul.
  1001 | D:2      | Noticed Terence
  1015 | D:2      | HP: 3/20 [Terence/+0 falchion (3)]
  1017 | D:2      | Killed Terence
  1018 | D:2      | Reached skill level 7 in Ranged Weapons
  1296 | D:2      | Reached XP level 4. HP: 25/25 MP: 6/6
  1745 | D:2      | Found a runed translucent door.
  1746 | D:2      | Noticed Crazy Yiuf
  2001 | D:2      | 2001 ||| UPGRADING to +0 scale mail.
  2011 | D:2      | 2011 ||| DROPPING +0 leather armour.
  2012 | D:2      | 2012 ||| UPGRADING to ring of protection from fire.
  2013 | D:2      | 2013 ||| DROPPING ring of flight.
  2014 | D:2      | 2014 ||| READING scroll labelled AFYNOSEYMA.
  2015 | D:2      | 2015 ||| READING scroll labelled EHOABLIGIL.
  2061 | D:2      | 2061 ||| READING scroll labelled FOULAN GUKI.
  2183 | D:3      | HP: 6/25 [ribbon worm (7)]
  2184 | D:3      | 2184 ||| READING scroll of teleportation.
  2186 | D:3      | HP: 2/25 [ribbon worm (5)]
  2947 | D:3      | 2947 ||| UPGRADING to +0 ring mail.
  2957 | D:3      | 2957 ||| DROPPING +0 scale mail.
  2958 | D:3      | 2958 ||| READING 4 scrolls labelled JAL SELUKE.
  2958 | D:3      | 2958 ||| IDENTIFYING clear potion
  2959 | D:3      | 2959 ||| READING 3 scrolls of identify.
  2959 | D:3      | 2959 ||| IDENTIFYING sapphire potion
  2960 | D:3      | 2960 ||| READING 2 scrolls of identify.
  2960 | D:3      | 2960 ||| IDENTIFYING fuming dark potion
  2961 | D:3      | 2961 ||| READING scroll of identify.
  2961 | D:3      | 2961 ||| IDENTIFYING scroll labelled NUFEIR PUGYM
  2962 | D:3      | 2962 ||| READING 3 scrolls labelled PAANIT JONLUMM.
  2963 | D:3      | 2963 ||| DROPPING potion of magic.
  2964 | D:3      | 2964 ||| DROPPING 2 scrolls of summoning.
  2965 | D:3      | 2965 ||| DROPPING scroll of vulnerability.
  3004 | D:4      | Noticed a black bear
  3013 | D:4      | HP: 3/25 [black bear (6)]
  3014 | D:4      | HP: 1/25 [black bear (2)]
  3016 | D:4      | Killed a black bear
  3017 | D:4      | Reached skill level 8 in Ranged Weapons
  3017 | D:4      | Reached XP level 5. HP: 2/29 MP: 7/7
  3161 | D:4      | HP: 6/29 [hound (4)]
  3162 | D:4      | Reached skill level 9 in Ranged Weapons
  3165 | D:4      | HP: 2/29 [hound (2)]
  3331 | D:4      | You fall into a shaft and drop 1 floor!
  3331 | D:5      | Entered Level 5 of the Dungeon
  3354 | D:5      | Noticed a centaur
  3355 | D:5      | 3355 ||| ZAPPING wand of flame (29) at 3,-1 (centaur;
                  | floor).
  3356 | D:5      | 3356 ||| ZAPPING wand of flame (28) at 3,-1 (centaur;
                  | floor).
  3357 | D:5      | 3357 ||| ZAPPING wand of flame (27) at 3,-1 (centaur;
                  | floor).
  3357 | D:5      | HP: 7/30 [centaur/arrow (11)]
  3357 | D:5      | Shot with an arrow by a centaur

Levels and vault maps discovered:
D:1:      dpeg_arrival_lava_temple_mockup, layout_basic, serial_forest,
          infiniplex_forest_end_2, infiniplex_forest_lined_corner,
          infiniplex_forest_lined_room_2, infiniplex_forest_corner_2,
          infiniplex_forest_side_room, minmay_liquid_box
D:2:      layout_loops_corners, basic_altar, serial_co_window_serial,
          co_window_paths_b, co_window_paths_a, co_window_paths_b,
          co_window_cross_1, co_window_of_opportunity_a,
          co_window_of_opportunity_b, co_window_cross_2, co_window_paths_c,
          co_window_unsneaky_path_b, co_window_broadway_a, co_window_paths_d,
          glass_columns_c, glass_columns_c, glass_columns_a, glass_columns_a,
          uniq_crazy_yiuf_cottage, uniq_terence
D:3:      layout_basic
D:4:      nicolae_BIG_FREAKIN_CUBE, layout_rooms, temple_hall
D:5:      layout_loops_ring, overflow_temple_1_default,
          mainiacjoe_overflow_boulevard, grunt_ministairs_3

Skill      XL: |  1  2  3  4  5 |
---------------+----------------+-----
Ranged Weapons | 6 7 8 9 |  9.2
Fighting       | 2 |  2.1
Dodging        | |  2.4
Stealth        | |  1.2

Action                     |  1- 3 |  4- 6 || total
---------------------------+-------+-------++-------
   Fire: Shortbow          |    77 |   106 ||   183
  Evoke: Wand              |       |     3 ||     3
    Use: Scroll            |     2 |     9 ||    11
         Potion            |     1 |       ||     1
 Armour: Leather armour    |     8 |       ||     8
         Scale mail        |       |    23 ||    23
         Ring mail         |       |    42 ||    42
  Dodge: Dodged            |    23 |    36 ||    59

Table legend:
 A = Non-vault XP
 B = Vault XP
 C = Vault XP percentage of total XP
 D = Non-vault monster count
 E = Vault monster count
 F = Vault count percentage of total count
                 A         B        C        D         E       F
            +---------+---------+-------+---------+---------+-------
      Total |     329 |      36 |   9.9 |      53 |       1 |   1.9
            +---------+---------+-------+---------+---------+-------
        D:1 |      27 |       0 |   0.0 |      19 |       0 |   0.0
        D:2 |      38 |      36 |  48.6 |      12 |       1 |   7.7
        D:3 |      33 |       0 |   0.0 |      15 |       0 |   0.0
        D:4 |     218 |       0 |   0.0 |       6 |       0 |   0.0
        D:5 |      13 |       0 |   0.0 |       1 |       0 |   0.0
            +---------+---------+-------+---------+---------+-------
